 Dungeon Crawl Stone Soup version 0.31.0-4-g52a2dc7128 (webtiles) character file.

Game seed: 11531308048123012726

119 Arctor the Shooter (level 5, -4/30 HPs)
             Began as a Kobold Hexslinger on Jan 23, 2024.
             Incinerated by a bombardier beetle (6 damage)
             ... with a burning spray
             ... on level 2 of the Dungeon.
             The game lasted 00:02:07 (2065 turns).

Arctor the Shooter (Kobold Hexslinger)              Turns: 2065, Time: 00:02:08

Health: -4/30      AC:  5    Str:  5    XL:     5   Next: 24%
Magic:  6/8        EV: 15    Int: 15    God:
Gold:   90         SH:  0    Dex: 19    Spells: 3/8 levels left

rFire   . . .        a - +2 sling
rCold   . . .        (no shield)
rNeg    . . .        f - +2 leather armour {Will+}
rPois   .            (no helmet)
rElec   .            (no cloak)
rCorr   .            (no gloves)
SInv    .            (no boots)
Will    .....        (no amulet)
Stlth   +            (no ring)
HPRegen 0.25/turn    (no ring)
MPRegen 0.11/turn

%: no passive effects
@: on fire, weak-willed, jinxed, glowing
A: small, no large weapons, nightstalker 3
a: no special abilities


You were on level 2 of the Dungeon.
You visited 1 branch of the dungeon, and saw 3 of its levels.

You collected 90 gold pieces.

Inventory:

Hand Weapons
 a - a +2 sling (weapon)
Armour
 c - a +0 robe
 f - a +2 leather armour of willpower (worn)
Scrolls
 b - a scroll of poison
 d - 2 scrolls of identify
 e - a scroll of teleportation
 h - a scroll of amnesia
Potions
 g - a potion of cancellation {unknown}
 i - a potion of might {unknown}
 j - a potion of attraction {unknown}
 l - a potion of haste {unknown}


   Skills:
 + Level 2.3 Fighting
 + Level 3.8 Ranged Weapons
 + Level 3.4 Dodging
 + Level 2.1 Spellcasting
 + Level 3.6 Hexes
 - Level 1.1 Fire Magic


You had 3 spell levels left.
You knew the following spells:

 Your Spells              Type           Power      Damage    Failure   Level
a - Jinxbite              Hex            24%        N/A       12%         2
b - Inner Flame           Hex/Fire       8%         N/A       38%         3

Your spell library contained the following spells:

 Spells                   Type           Power      Damage    Failure   Level
 Sigil of Binding         Hex            12%        N/A       24%         3
 Shock                    Conj/Air       4%         1d3       36%         1
 Swiftness                Air            1%         N/A       73%         3
 Cause Fear               Hex            6%         N/A       63%         4
 Dimensional Bullseye     Hex/Tloc       3%         N/A       86%         4
 Airstrike                Air            0%         2d(1-17)  98%         4
 Irradiate                Conj/Alch      0%         3d11      100%        5
 Ignition                 Fire           2%         3d3       100%        8


Dungeon Overview and Level Annotations

Branches:
Dungeon (3/15)

Altars:


Innate Abilities, Weirdness & Mutations

You are small and have problems with some larger weapons.
You are completely attuned to the shadows.


Message History

You shoot a sling bullet.
The sling bullet barely misses the bombardier beetle.
The liquid fire burns you!
You are on fire!
You are on fire!
You shoot a sling bullet.
The sling bullet barely misses the bombardier beetle.
The liquid fire burns you!
You are on fire!
You shoot a sling bullet.
The sling bullet hits the bombardier beetle.
The bombardier beetle is moderately wounded.
The liquid fire burns you!
The bombardier beetle sprays incendiary fluid at you.
The burning spray hits you.
You are even more covered in liquid fire!
Casting: Jinxbite (safe; 12% risk of failure)
Confirm with . or Enter, or press ? or * to list all spells.
You beckon some vexing sprites to accompany your attacks.
You feel your willpower being sapped. The liquid fire burns you!
You shake off some of the fire as you move.
The liquid fire burns you!
There is a stone staircase leading up here.
The liquid fire burns you!
* * * LOW HITPOINT WARNING * * *
The bombardier beetle sprays incendiary fluid at you.
The burning spray hits you.
You are even more covered in liquid fire!
You shake off some of the fire as you move.
You climb upwards.
The liquid fire burns you!
* * * LOW HITPOINT WARNING * * *
There is a stone staircase leading down here.
You shake off some of the fire as you move.
The liquid fire burns you!
* * * LOW HITPOINT WARNING * * *
You shake off some of the fire as you move.
The liquid fire burns you!
You die...

#######............
#.......########### ###
#.############ #
##.####............# #
##.#.....##########.######
#####.###.##.## #........ #....##
##....########.####.##
#.###.###.#...)........# #... #.#
##.#....[@......#### #...
#.#####.#.#...#####.# #...
#.....###...>>.## #.# ##..
#####...........# #.# #..
#..##.......#############.
#..##.#.......#≈≈≈≈≈≈≈≈§#.
###<.#...#.##.#.§.§.§§......
######..........##.###≈≈§§§≈≈≈≈##
<....................###########


There were no monsters in sight!

Vanquished Creatures
  8 adders (D:2)
  A dart slug (D:3)
  A ball python (D:2)
  5 bats
  5 endoplasms
  2 giant cockroaches (D:1)
  5 hobgoblins
  3 jackals (D:2)
  3 quokkas
  A frilled lizard (D:1)
  2 goblins
  6 kobolds
  3 rats
45 creatures vanquished.

Notes
Turn   | Place    | Note
-------+----------+-------------------------------------------
     0 | D:1      | Arctor the Kobold Hexslinger began the quest for the Orb.
     0 | D:1      | Reached XP level 1. HP: 12/12 MP: 2/2
   237 | D:1      | Reached XP level 2. HP: 16/16 MP: 3/3
  1022 | D:2      | Reached XP level 3. HP: 18/20 MP: 5/5
  1030 | D:2      | Learned a level 3 spell: Inner Flame
  1033 | D:2      | Learned a level 2 spell: Jinxbite
  1203 | D:2      | Reached XP level 4. HP: 25/26 MP: 3/6
  1860 | D:2      | Reached XP level 5. HP: 30/30 MP: 8/8
  2065 | D:2      | Incinerated by a bombardier beetle

Illustrated notes

Levels and vault maps discovered:
D:1:      minmay_arrival_radiant_lines, layout_loops_corners,
          dreamdust_wishing_well
D:2:      minmay_wonky_spiral, layout_loops_ring,
          amcnicky_mini_rare_corridor_liquid, nicolae_half_adder
D:3:      layout_basic, nicolae_ecumenical_oubliette, minmay_misc_feat_alley,
          kennysheep_generic_room_14

Skill      XL: |  1  2  3  4 |
---------------+-------------+-----
Ranged Weapons | 3 |  3.8
Dodging        | 3 |  3.4
Fighting       | 2 |  2.3
Spellcasting   | 2 |  2.1
Hexes          | |  3.6
Fire Magic     | |  1.1

Action                     |  1- 3 |  4- 6 || total
---------------------------+-------+-------++-------
   Fire: Sling             |    76 |    68 ||   144
   Cast: Jinxbite          |     2 |     1 ||     3
    Use: Potion            |     1 |       ||     1
         Scroll            |       |     4 ||     4
 Armour: Robe              |    15 |       ||    15
         Leather armour    |       |    19 ||    19
  Dodge: Dodged            |    34 |    32 ||    66
